 Dungeon Crawl Stone Soup version 0.19-a0-526-gbe2e51c (webtiles) character file.

844 hypermopl the Slasher (level 7, 0/38 HPs)
             Began as a Deep Elf Skald on June 7, 2016.
             Was a Follower of Hepliaklqana.
             Slain by a centaur (4 damage)
             ... on level 5 of the Dungeon.
             The game lasted 00:11:06 (4114 turns).

hypermopl the Slasher (Deep Elf Skald)              Turns: 4114, Time: 00:11:09

Health: 0/38       AC:  5    Str:  9    XL:     7   Next: 68%
Magic:  14/18      EV: 11    Int: 17    God:    Hepliaklqana [*.....]
Gold:   190        SH:  0    Dex: 16    Spells: 5 memorised, 7 levels left

rFire  . . .     SeeInvis +     a - +0 falchion
rCold  + . .     Gourm    .     b - +0 leather armour
rNeg   . . .     Faith    .     (no shield)
rPois  .         Spirit   .     v - +0 helmet (curse)
rElec  .         Dismiss  .     j - +0 cloak
rCorr  .         Reflect  .     (no gloves)
SustAt .         Harm     .     (no boots)
MR     .....                    (no amulet)
Stlth  +.........               r - ring of see invisible
                                D - ring of protection from cold

@: not resistant to hostile enchantments, very unstealthy
A: no striking features
a: Recall Ancestor, Ancestor Identity, Renounce Religion


You were on level 5 of the Dungeon.
You worshipped Hepliaklqana.
Hepliaklqana was aware of your devotion.
You were not hungry.

You visited 1 branch of the dungeon, and saw 5 of its levels.

You collected 190 gold pieces.

Inventory:

Hand Weapons
 a - a +0 falchion (weapon)
Missiles
 y - 4 tomahawks (quivered)
 z - 25 poisoned needles
Armour
 b - a +0 leather armour (worn)
 j - a +0 cloak (worn)
 k - a +0 ring mail
 v - a cursed +0 helmet (worn)
Jewellery
 l - an uncursed ring of wizardry
 r - a ring of see invisible (right hand)
 D - a ring of protection from cold (left hand)
Wands
 B - a wand of enslavement (17/24)
 F - a wand of paralysis (17/24)
Scrolls
 e - 2 scrolls of enchant weapon {unknown}
 g - a scroll of recharging
 m - a scroll of immolation {!r}
 n - a scroll of remove curse
 o - 4 scrolls of teleportation {unknown}
 t - 2 scrolls of identify
 w - a scroll of enchant armour
Potions
 h - 2 potions of heal wounds
 i - a potion of flight
 p - a potion of invisibility
 q - 2 potions of curing
 E - a potion of might
 G - a potion of haste
Books
 c - a book of Battle

   Spells                             Type                      Level
   a - Infusion                       Charms                       1
   b - Shroud of Golubria             Charms/Translocation         2
   c - Song of Slaying                Charms                       2
   d - Spectral Weapon                Hexes/Charms                 3
   e - Regeneration                   Charms/Necromancy            3
 f - a book of Debilitation

   Spells                             Type                      Level
   a - Corona                         Hexes                        1
   b - Slow                           Hexes                        2
   c - Gell's Gravitas                Hexes/Translocation          3
   d - Inner Flame                    Hexes/Fire                   3
   e - Cause Fear                     Hexes                        4
   f - Leda's Liquefaction            Hexes/Earth                  4
Comestibles
 d - 6 bread rations
 s - a meat ration
 u - a beef jerky
 x - a slice of pizza
 A - 2 royal jellies
 C - 5 chunks of flesh


   Skills:
 - Level 1.5 Fighting
 * Level 6.9 Long Blades
 - Level 0.7 Armour
 - Level 1.2 Dodging
 + Level 6.4 Spellcasting
 - Level 2.1 Hexes
 - Level 4.4 Charms


You had 7 spell levels left.
You knew the following spells:

 Your Spells              Type           Power        Failure   Level  Hunger
a - Infusion              Chrm           ###.         2%          1    None
b - Spectral Weapon       Hex/Chrm       ###.....     17%         3    ##.....
f - Shroud of Golubria    Chrm/Tloc      ##........   12%         2    None
r - Regeneration          Chrm/Necr      ##........   24%         3    ##.....
s - Slow                  Hex            ##......     12%         2    None


Dungeon Overview and Level Annotations

Branches:
Dungeon (5/15)
 Temple: D:4-7

Altars:
Dithmenos
Gozag
Hepliaklqana
Nemelex Xobeh
Ru
Trog
Uskayaw
Vehumet
Xom
The Shining One


Message History

The centaur hits you!
Aahotepre closely misses the centaur.
You are too injured to fight recklessly!
You are too injured to fight recklessly!
Casting: Regeneration
Confirm with . or Enter, or press ? or * to list all spells.
You draw out your weapon's spirit!
The centaur closely misses you.
Aahotepre closely misses the centaur.
The centaur hits you.
You hit the centaur but do no damage.
Your spectral weapon barely misses the centaur.
The centaur hits you.
* * * LOW HITPOINT WARNING * * *
Aahotepre hits the centaur.
Unknown command.
You hit the centaur.
The centaur is moderately wounded.
Your spectral weapon barely misses the centaur.
The centaur hits you!
* * * LOW HITPOINT WARNING * * *
Aahotepre hits the centaur.
The centaur hits you.
You die...

#......###.#
#.##.......####
#..)).........
#))..#...#.#..
####..#.#...#...#.#
#..............# .#
#.##...........S..#
#.##.....#..####..#
#.###..@R.........#
#.#####c(((....#.##
..S.....###....#.#
###.##### #......#
##...### #...#
#...#######
########.........##
#.................##


You could see a centaur, a friendly spectral falchion and the friendly Aahotepre
the ancestor.

Vanquished Creatures
  3 ogres
  A centaur skeleton (D:5)
  An orc priest (D:4)
  5 orc wizards
  An iguana (D:4)
  A worker ant (D:5)
  A hound skeleton (D:4)
  4 adders
  An adder skeleton (D:5)
  2 worms
  5 dart slugs
  3 orcs
  4 giant cockroaches
  4 goblins
  3 hobgoblins
  8 jackals
  2 quokkas (D:2)
  10 bats
  A giant gecko skeleton (D:4)
  4 giant newts
  5 kobolds
  8 rats
77 creatures vanquished.

Vanquished Creatures (collateral kills)
  A black bear (D:4)
  A centaur (D:5)
  A hound (D:4)
  An adder (D:2)
  2 dart slugs
  A giant cockroach (D:4)
  A goblin (D:3)
  A quokka (D:3)
  A bat (D:3)
10 creatures vanquished.

Vanquished Creatures (others)
  An ancestor (D:5)
  A spectral weapon (D:4)
2 creatures vanquished.

Grand Total: 89 creatures vanquished

Notes
Turn   | Place    | Note
--------------------------------------------------------------
     0 | D:1      | hypermopl the Deep Elf Skald began the quest for the Orb.
     0 | D:1      | Reached XP level 1. HP: 12/12 MP: 6/6
    47 | D:1      | Reached skill level 2 in Long Blades
   288 | D:1      | Reached XP level 2. HP: 12/16 MP: 5/8
   314 | D:1      | Learned a level 2 spell: Shroud of Golubria
   969 | D:1      | Reached skill level 3 in Long Blades
  1401 | D:2      | Reached XP level 3. HP: 20/20 MP: 5/9
  1412 | D:2      | Learned a level 3 spell: Spectral Weapon
  1415 | D:2      | Learned a level 2 spell: Slow
  1590 | D:2      | Found a hide-covered altar of Uskayaw.
  1592 | D:2      | Found a bloodstained altar of Trog.
  1595 | D:2      | Found a shimmering altar of Xom.
  1595 | D:2      | Found a glowing golden altar of the Shining One.
  1596 | D:2      | Found a radiant altar of Vehumet.
  1596 | D:2      | Found a shadowy altar of Dithmenos.
  1596 | D:2      | Found a hazy altar of Hepliaklqana.
  1605 | D:2      | Became a worshipper of Hepliaklqana
  1716 | D:2      | Reached skill level 1 in Hexes
  2004 | D:3      | Reached XP level 4. HP: 25/25 MP: 7/10
  2044 | D:3      | Reached skill level 2 in Hexes
  2327 | D:3      | Reached skill level 4 in Long Blades
  2408 | D:3      | Reached * piety under Hepliaklqana
  2539 | D:3      | Found an opulent altar of Gozag.
  2539 | D:3      | Found a sparkling altar of Nemelex Xobeh.
  3000 | D:4      | Reached XP level 5. HP: 27/29 MP: 5/12
  3070 | D:4      | Noticed an ogre
  3077 | D:4      | Killed an ogre
  3077 | D:4      | Reached skill level 4 in Spellcasting
  3175 | D:4      | Noticed a black bear
  3186 | D:4      | Killed a black bear
  3186 | D:4      | Reached skill level 5 in Long Blades
  3186 | D:4      | Reached XP level 6. HP: 20/34 MP: 2/14
  3274 | D:4      | Learned a level 3 spell: Regeneration
  3327 | D:4      | Found a sacrificial altar of Ru.
  3570 | D:4      | Reached skill level 5 in Spellcasting
  3709 | D:5      | Entered Level 5 of the Dungeon
  3873 | D:5      | Reached skill level 6 in Long Blades
  3873 | D:5      | Reached XP level 7. HP: 21/38 MP: 15/17
  3984 | D:5      | Reached skill level 6 in Spellcasting
  4114 | D:5      | Slain by a centaur

Vault maps used:
D:1:      lightli_arrival_boilingwater
D:2:      grunt_temple_overflow_open, moated_statue
D:3:      grunt_temple_overflow_opulence, first_bread, grunt_decor_cap
D:4:      black_bear_nest_1, nicolae_ru_path_of_blood
D:5:      uniq_pikel

Skill      XL: |  1  2  3  4  5  6  7 |
---------------+----------------------+-----
Long Blades    | 2 3 4 5 6 |  6.9
Hexes          | 1 2 |  2.1
Spellcasting   | 4 5 6 |  6.4
Fighting       | |  1.5
Armour         | |  0.7
Dodging        | |  1.2
Charms         | |  4.4

Action                   |  1- 3 |  4- 6 |  7- 9 || total
-------------------------+-------+-------+-------++-------
Melee: Falchion          |    96 |   121 |    33 ||   250
 Cast: Infusion          |    19 |     5 |       ||    24
       Shroud of Golubri |    10 |     7 |     2 ||    19
       Spectral Weapon   |     2 |     8 |     2 ||    12
       Regeneration      |       |     1 |     4 ||     5
  Use: Scroll            |     3 |     8 |       ||    11
 Stab: Sleeping          |     1 |       |       ||     1
       Distracted        |       |     1 |       ||     1
  Eat: Chunk             |     4 |     7 |     2 ||    13
Armor: Leather armour    |    44 |    38 |     4 ||    86
Dodge: Dodged            |    67 |    84 |    15 ||   166
